 Dungeon Crawl Stone Soup version 0.29.1-13-g9f3cf754e1 (webtiles) character file.

Game seed: 5311087630495683452

2874 croobank the Conjurer (level 9, -10/72 HPs)
             Began as a Demigod Conjurer on Jan 24, 2023.
             Mangled by a boulder beetle (33 damage)
             ... on level 8 of the Dungeon.
             The game lasted 00:24:36 (11211 turns).

croobank the Conjurer (Demigod Conjurer)           Turns: 11211, Time: 00:24:37

Health: -10/72     AC: 10    Str:  8    XL:     9   Next: 23%
Magic:  8/19       EV: 13    Int: 32    God:
Gold:   186        SH:  0    Dex: 12    Spells: 5/17 levels left

rFire   . . .      SeeInvis .   b - +1 arbalest
rCold   . . .      Faith    .   (shield currently unavailable)
rNeg    . . .      Spirit   .   n - +0 steam dragon scales
rPois   .          Reflect  .   H - +2 helmet
rElec   .          Harm     .   f - +1 cloak
rCorr   .          Rampage  .   (no gloves)
Will    .....      Clarity  +   (no boots)
Stlth   +++.......              (no amulet)
HPRegen 0.22/turn               (no ring)
MPRegen 0.16/turn               (no ring)

@: no status effects
A: high MP 1, forlorn, divine attributes, talons 1, clarity, noise suppression
a: no special abilities


You were on level 8 of the Dungeon.
You visited 1 branch of the dungeon, and saw 8 of its levels.

You collected 375 gold pieces.
You spent 189 gold pieces at shops.

Inventory:

Hand Weapons
 a - the +10 dagger of Diet Blood {drain, *Noise rPois Str+7}
   (You bought it in a shop on level 8 of the Dungeon)

   A truly terrible weapon, it drains the life of any living foe it strikes.
   Str:       It affects your strength (+7).
   rPois:     It protects you from poison.
   *Noise:    It may make noises in combat.
 b - a +1 arbalest (weapon)
 m - a +3 spear
 r - a +0 war axe
 v - a +0 long sword of protection
 x - the +2 short sword of Ru's Benevolence {venom, *Rage rElec rCorr Int-5}
   (You took it off Eustachio on level 5 of the Dungeon)

   It poisons the flesh of those it strikes.
   Int:       It affects your intelligence (-5).
   rElec:     It insulates you from electricity.
   *Rage:     It berserks you when you make melee attacks (+20% chance).
   rCorr:     It protects you from acid and corrosion.
 I - a +1 antimagic whip
 J - a +2 vorpal flail
Missiles
 l - 3 silver boomerangs
 A - 6 atropa-tipped darts
 C - 13 poisoned darts
 F - a boomerang of dispersal
Armour
 e - an orb of guile
 f - a +1 cloak (worn)
 n - +0 steam dragon scales (worn)
 u - a +2 leather armour of poison resistance
 z - a +1 pair of boots
 H - a +2 helmet (worn)
Jewellery
 i - a ring of ice
Wands
 g - a wand of paralysis (28)
 q - a wand of roots (18)
 s - a wand of flame (34)
Scrolls
 d - a scroll of amnesia
 t - a scroll of blinking
 y - a scroll of fog
Potions
 c - a potion of might
 j - a potion of cancellation {unknown}
 k - 3 potions of heal wounds
 o - 3 potions of curing
 p - 2 potions of attraction
 D - a potion of flight {unknown}
 E - a potion of magic


   Skills:
 + Level 4.4 Fighting
 + Level 5.0 Dodging
 + Level 5.2 Stealth
 + Level 4.6 Spellcasting
 + Level 5.8 Conjurations
 + Level 3.8 Hexes
 + Level 2.8 Air Magic
 + Level 2.7 Poison Magic


You had 5 spell levels left.
You knew the following spells:

 Your Spells              Type           Power      Damage    Failure   Level
a - Magic Dart            Conj           100%       1d8       1%          1
b - Searing Ray           Conj           88%        2d7       1%          2
c - Dazzling Flash        Conj/Hex       76%        N/A       2%          3
d - Fulminant Prism       Conj/Hex       19%        3d11      7%          4
e - Poisonous Vapours     Pois/Air       50%        N/A       2%          2

Your spell library contained the following spells:

 Spells                   Type           Power      Damage    Failure   Level
 Sting                    Tmut/Pois      64%        1d6       3%          1
 Iskenderun's Mystic Bla  Conj/Tloc      26%        2d7       16%         4
 Olgreb's Toxic Radiance  Pois           25%        N/A       17%         4
 Silence                  Hex/Air        14%        N/A       36%         5
 Passage of Golubria      Tloc           7%         N/A       47%         4
 Lehudib's Crystal Spear  Conj/Erth      13%        10d4      100%        8


Dungeon Overview and Level Annotations

Branches:
Dungeon (8/15)             Temple (0/1) D:4
   Lair: D:8-11

Shops:
D:8 (


Innate Abilities, Weirdness & Mutations

You have an increased reservoir of magic. (+10% MP)
You shall have no god before yourself.
Your divine heritage dramatically boosts your attributes as you level up.
You have sharp toenails.
You possess an exceptional clarity of mind.
You passively dampen the noise of your surroundings.


Message History

The boulder beetle bites you!!
The searing ray hits the boulder beetle.
The boulder beetle is heavily wounded.
The boulder beetle bites you!!
The searing ray hits the boulder beetle.
The boulder beetle is heavily wounded.
You finish channelling your searing ray.
The boulder beetle barely misses you.
As you read the scroll of fear, it crumbles to dust.
You assume a fearsome visage.
The boulder beetle looks frightened!
The boulder beetle leaps!
A boulder beetle is nearby!
The boulder beetle leaps!
There is an open door, spattered with blood here.
Something hits you but does no damage.
Deactivating autopickup; reactivate with Ctrl-A.
You closely miss something. Something hits you but does no damage.
You clumsily bash something but do no damage.
Your kick misses something. Something hits you but does no damage.
Something hits you! Something hits you but does no damage.
Casting: Searing Ray (safe; 1% risk of failure)
Confirm with . or Enter, or press ? or * to list all spells.
Aiming: Searing Ray (safe; 1% risk of failure)
Press: ? - help, Shift-Dir - straight line, p - boulder beetle The searing ray hits something. (Press . to maintain the ray.)
A komodo dragon appears out of thin air!
Reactivating autopickup.
The boulder beetle curls into a ball and begins rolling!
The searing ray hits the komodo dragon!
The komodo dragon is lightly wounded.
The searing ray hits the komodo dragon.
The komodo dragon is moderately wounded.
The komodo dragon closely misses you.
Blink to where?
Press: ? - help, Dir - move target
As you read the scroll of blinking, it crumbles to dust.
The boulder beetle attacks as you move away!
The boulder beetle hits you!!
You die...

#P...P# ...#
#.#+#.# ....#
#.#?#.#
......#.###.#
....#P..lP# #
....###°###.# .
#..°○.....###
....#..##°###...#
#....@B....#..#
###..###.##.#.###
#........#.#..
#.#.####..#.##.#
#..####....#..#..
#. #........# #.#
# ##..##†#### ..#
#.#.#.##.# ..#
####†#...####.#


You could see a boulder beetle (rolling).

Vanquished Creatures
  Grinder (D:5)
  A wyvern (D:8)
  Eustachio (D:5)
  2 steam dragons
  Menkaure (D:4)
  An acid dragon (D:8)
  A water moccasin (D:6)
  A sky beast (D:7)
  2 ogres
  4 kobold brigands
  3 bullfrogs
  3 necrophages
  A scorpion (D:7)
  2 howler monkeys
  3 hounds
  4 gnoll boudas
  4 orc priests
  A jelly (D:6)
  An iguana (D:5)
  4 orc wizards
  13 gnolls
  7 adders
  An ufetubus (D:6)
  A worm (D:2)
  2 dart slugs
  10 orcs
  2 bats
  6 endoplasms
  A giant cockroach (D:3)
  5 goblins
  5 hobgoblins
  5 jackals
  6 quokkas
  5 ball pythons
  4 frilled lizards
  12 kobolds
  6 rats
132 creatures vanquished.

Notes
Turn   | Place    | Note
-------+----------+-------------------------------------------
     0 | D:1      | croobank the Demigod Conjurer began the quest for the Orb.
     0 | D:1      | Reached XP level 1. HP: 14/14 MP: 5/5
   900 | D:1      | Reached XP level 2. HP: 20/20 MP: 2/7
   950 | D:1      | Learned a level 2 spell: Searing Ray
  1979 | D:2      | Reached XP level 3. HP: 26/27 MP: 5/8
  2166 | D:2      | Reached skill level 1 in Fighting
  3594 | D:3      | Noticed a kobold brigand
  3595 | D:3      | Noticed a kobold brigand
  3604 | D:3      | Killed a kobold brigand
  3605 | D:3      | Reached XP level 4. HP: 34/35 MP: 1/10
  3609 | D:3      | Killed a kobold brigand
  3610 | D:3      | Reached XP level 5. HP: 33/41 MP: 6/11
  3675 | D:3      | Learned a level 3 spell: Dazzling Flash
  4023 | D:3      | Gained mutation: You do not regenerate when monsters are
                  | visible. [potion of mutation]
  4023 | D:3      | Gained mutation: You are somewhat resistant to further
                  | mutation. [potion of mutation]
  4024 | D:3      | Lost mutation: You are somewhat resistant to further
                  | mutation. [potion of mutation]
  4024 | D:3      | Lost mutation: You do not regenerate when monsters are
                  | visible. [potion of mutation]
  4024 | D:3      | Gained mutation: You possess an exceptional clarity of
                  | mind. [potion of mutation]
  4024 | D:3      | Gained mutation: You have sharp toenails. [potion of
                  | mutation]
  4024 | D:3      | Gained mutation: You passively dampen the noise of your
                  | surroundings. [potion of mutation]
  4617 | D:4      | Noticed Menkaure
  4626 | D:4      | Killed Menkaure
  4627 | D:4      | Reached XP level 6. HP: 15/48 MP: 3/13
  4915 | D:4      | Reached skill level 1 in Hexes
  5188 | D:4      | Found a staircase to the Ecumenical Temple.
  5656 | D:5      | Entered Level 5 of the Dungeon
  5679 | D:5      | Noticed Grinder
  5681 | D:5      | Noticed Eustachio
  5689 | D:5      | Killed Grinder
  5690 | D:5      | Reached XP level 7. HP: 27/56 MP: 3/15
  6267 | D:5      | Identified the +2 short sword of Ru's Benevolence {venom,
                  | *Rage rElec rCorr Int-5}
  6279 | D:5      | Killed Eustachio
  6447 | D:5      | Learned a level 4 spell: Fulminant Prism
  6471 | D:5      | Learned a level 2 spell: Poisonous Vapours
  6576 | D:5      | Reached skill level 5 in Conjurations
  7288 | D:6      | Reached skill level 1 in Air Magic
  7288 | D:6      | Reached skill level 1 in Poison Magic
  7288 | D:6      | Reached XP level 8. HP: 63/63 MP: 14/17
  7803 | D:6      | HP: 3/64 [ogre/+0 giant club (25)]
  9128 | D:8      | Found Owegonk's Antique Weapon Shoppe.
  9134 | D:8      | Bought a masterwork dagger for 189 gold pieces
  9134 | D:8      | Identified the +10 dagger of Diet Blood {drain, *Noise
                  | rPois Str+7} (You bought it in a shop on level 8 of the
                  | Dungeon)
 10846 | D:8      | Reached skill level 5 in Stealth
 10906 | D:8      | Reached XP level 9. HP: 65/71 MP: 15/19
 11050 | D:8      | Reached skill level 5 in Dodging
 11188 | D:8      | Noticed a boulder beetle
 11206 | D:8      | Noticed a komodo dragon
 11211 | D:8      | Mangled by a boulder beetle

Illustrated notes

Levels and vault maps discovered:
D:1:      elethiomel_arrival_infinity_welcomes_careful_drivers,
          layout_loops_ring, ebering_ecumenical_altar_sacrificial,
          hangedman_decor_diamond_cutter
D:2:      layout_rooms
D:3:      cheibrodos_thug_alley, layout_basic, mainiacjoe_overflow_paths,
          nicolae_concentric_dashed_squares_wild
D:4:      layout_basic, nicolae_uskayaw_murder_on_the_dancefloor, temple_hall,
          uniq_menkaure
D:5:      layout_rooms, uniq_eustachio, uniq_grinder
D:6:      layout_rooms, kennysheep_little_box,
          mainiacjoe_overflow_concentric_impassable,
          mainiacjoe_overflow_tiny_flanked
D:7:      layout_loops_cross, tgw_sif
D:8:      layout_loops_corners, zin_treasury, hex_tiny, nicolae_stop_n_shop_2,
          minmay_shattered_shrine, uniq_maggie

Skill      XL: |  1  2  3  4  5  6  7  8  9 |
---------------+----------------------------+-----
Stealth        | 2 3 4 5 |  5.2
Dodging        | 2 3 4 5 |  5.0
Spellcasting   | 2 3 4 |  4.6
Fighting       | 1 2 3 4 |  4.4
Conjurations   | 4 5 |  5.8
Hexes          | 1 2 3 |  3.8
Air Magic      | 1 2 |  2.8
Poison Magic   | 1 2 |  2.7

Action                   |  1- 3 |  4- 6 |  7- 9 || total
-------------------------+-------+-------+-------++-------
Melee: Whip              |    15 |       |       ||    15
       Rapier            |    46 |     7 |     3 ||    56
       Kick              |       |     1 |     6 ||     7
       Dagger            |       |       |    12 ||    12
       Arbalest          |       |       |     2 ||     2
 Fire: Arbalest          |       |       |    20 ||    20
 Cast: Magic Dart        |    38 |     5 |    51 ||    94
       Searing Ray       |    24 |    13 |    63 ||   100
       Dazzling Flash    |       |       |     2 ||     2
  Use: Scroll            |     1 |    12 |     7 ||    20
       Potion            |       |     3 |       ||     3
 Stab: Sleeping          |     5 |     2 |     3 ||    10
Armor: Robe              |    20 |     3 |    19 ||    42
       Steam dragon scal |       |       |    19 ||    19
Dodge: Dodged            |    67 |    16 |    81 ||   164
